 Dungeon Crawl Stone Soup version 0.27.0-1-g7a089689b8 (webtiles) character file.

Game seed: 4858015756406659285

2089 JerBear56 the Skirmisher (level 9, -2/56 HPs)
             Began as a Gargoyle Berserker on Aug 7, 2021.
             Was a Priest of Trog.
             Killed by divine providence
             ... invoked by an orc priest
              (11 damage)
             ... on level 7 of the Dungeon.
             The game lasted 00:15:34 (7122 turns).

JerBear56 the Skirmisher (Gargoyle Berserker)       Turns: 7122, Time: 00:15:34

Health: -2/56      AC: 16    Str: 23    XL:     9   Next: 27%
Magic:  9/9        EV: 12    Int:  8    God:    Trog [***...]
Gold:   368        SH:  4    Dex: 10    Spells: 8/8 levels left

rFire    . . .     SeeInvis +   s - +1 morningstar
rCold    . . .     Faith    .   f - +0 buckler
rNeg     + . .     Spirit   .   r - +0 ring mail
rPois    ∞         Reflect  .   t - +0 helmet
rElec    +         Harm     .   q - +0 cloak
rCorr    .         Rampage  .   e - +0 pair of gloves
Will     .....                  (no boots)
Stlth    ..........             h - amulet of the acrobat
HPRegen  0.18/turn              c - ring of see invisible
MPRegen  0.11/turn              (no ring)

@: on berserk cooldown
A: sickness immunity, AC +6, negative energy resistance 1, electricity
resistance, torment resistance 1, petrification resistance
a: Renounce Religion, Berserk, Trog's Hand


You were on level 7 of the Dungeon.
You worshipped Trog.
Trog was most pleased with you.
You visited 2 branches of the dungeon, and saw 8 of its levels.

You collected 368 gold pieces.

Inventory:

Hand Weapons
 s - a +1 morningstar (weapon)
Missiles
 y - 31 stones (quivered)
Armour
 e - a +0 pair of gloves (worn)
 f - a +0 buckler (worn)
 q - a +0 cloak (worn)
 r - a +0 ring mail (worn)
 t - a +0 helmet (worn)
Jewellery
 c - a ring of see invisible (left hand)
 h - an amulet of the acrobat (around neck)
Wands
 g - a wand of polymorph (11)
 w - a wand of flame (8)
Scrolls
 b - a scroll of brand weapon {unknown}
 d - 2 scrolls of summoning
 i - 3 scrolls of teleportation
 j - 2 scrolls of enchant armour {unknown}
 l - a scroll of fear {unknown}
 u - a scroll of torment {unknown}
 v - 2 scrolls of enchant weapon
 z - a scroll of holy word {unknown}
 A - a scroll of magic mapping {unknown}
Potions
 a - 2 potions of haste
 k - 3 potions of attraction {unknown}
 m - a potion of flight {unknown}
 n - a potion of lignification {unknown}
 o - a potion of cancellation {unknown}
 p - 3 potions of curing
 x - a potion of magic {unknown}
 B - a potion of degeneration {unknown}


   Skills:
 + Level 6.9 Fighting
 + Level 6.3 Maces & Flails
 + Level 6.5 Armour
 + Level 4.9 Dodging
 - Level 4.0 Shields


You had 8 spell levels left.
You didn't know any spells.
Your spell library contained the following spells:

 Spells                   Type           Power      Damage    Failure   Level
 Passwall                 Tmut/Erth      0%         N/A       69%         2
 Slow                     Hex            0%         N/A       69%         2
 Confusing Touch          Hex            0%         N/A       89%         3
 Swiftness                Air            0%         N/A       89%         3
 Vampiric Draining        Necr           0%         2d6       89%         3
 Invisibility             Hex            0%         N/A       100%        6


Dungeon Overview and Level Annotations

Branches:
Dungeon (7/15)             Temple (1/1) D:5

Altars:
Ashenzari
Cheibriados
Dithmenos
Elyvilon
Fedhas
Gozag
Kikubaaqudgha
Makhleb
Nemelex Xobeh
Okawaru
Ru
Sif Muna
Trog
Uskayaw
Vehumet
Wu Jian
Xom
Yredelemnul
Zin
The Shining One

Shops:
D:2 *


Innate Abilities, Weirdness & Mutations

You are immune to sickness and miasma.
Your stone body is resilient. (AC +6)
You are immune to poison.
You resist negative energy. (rN+)
You are resistant to electric shocks. (rElec)
You are resistant to unholy torment.
You are immune to petrification.


Message History

The steam dragon is heavily wounded.
The centaur zombie misses you. x2
You closely miss the steam dragon.
The steam dragon is heavily wounded.
You block the centaur zombie's attack. x2; The steam dragon barely misses you. x2
You sock the steam dragon!
You kill the steam dragon!
Trog accepts your kill. The centaur zombie closely misses you.
The centaur zombie misses you.
You impale the centaur zombie!!
You destroy the centaur zombie!
Trog accepts your kill.
You see here a steam dragon corpse.
You feel a strong urge to attack something.
There is an open door here.
You are no longer berserk.
You are exhausted.
You feel yourself slow down.
As you close the door, it creaks loudly!
You close the door.
Unknown command.
You start resting.
You feel yourself speed up.
You start resting.
Something unseen opens the door.
You start resting.
An orc priest comes into view. It is wielding a +0 flail.
The orc priest shouts!
The orc priest calls down the wrath of Beogh upon you.
Beogh smites you!
* * * LOW HITPOINT WARNING * * *
The orc priest completely misses you.
You barely miss the orc priest. You block the orc priest's attack.
You barely miss the orc priest. You block the orc priest's attack.
The orc priest hits you with a +0 flail.
* * * LOW HITPOINT WARNING * * *
You sock the orc priest!
The orc priest is almost dead.
The orc priest mumbles some strange prayers to Beogh against you.
Beogh smites you!
You die...

#.# #.# #.#
#.# #.# #.#
#.#########
#.#....o†.#
#.#.88@#..#
#.#.88.###...
#.#....# ####
#.####+# #.#
#..# #.# #.##
#.# #.# #.#
#.# #.###.#


You could see an orc priest.

Vanquished Creatures
  2 centaur zombies
  A steam dragon (D:7)
  A water moccasin (D:5)
  2 ice beasts (D:6)
  An orc warrior (D:6)
  A black bear (D:5)
  A sky beast (D:6)
  3 ogres
  2 bullfrogs
  A hound (D:6)
  An orc priest (D:6)
  2 jellies
  2 centaur skeletons (D:7)
  A scorpion zombie (D:5)
  An iguana (D:5)
  6 orc wizards
  A killer bee zombie (D:5)
  A hound zombie (D:5)
  A howler monkey zombie (D:7)
  4 gnolls (D:7)
  A howler monkey skeleton (D:5)
  5 adders
  A white imp (D:7)
  An ufetubus (D:4)
  An adder skeleton (D:5)
  3 worms
  A dart slug (D:2)
  15 orcs
  6 endoplasms
  4 giant cockroaches
  8 goblins
  6 hobgoblins
  11 jackals
  2 quokkas
  3 ball pythons
  7 bats
  A frilled lizard (D:1)
  5 kobolds
  6 rats
122 creatures vanquished.

Vanquished Creatures (collateral kills)
  A hound (D:6)
  An orc (D:6)
2 creatures vanquished.

Vanquished Creatures (others)
  A demonic plant (D:3)
1 creature vanquished.

Grand Total: 125 creatures vanquished

Notes
Turn   | Place    | Note
-------+----------+-------------------------------------------
     0 | D:1      | JerBear56 the Gargoyle Berserker began the quest for the
                  | Orb.
     0 | D:1      | Reached XP level 1. HP: 14/14 MP: 1/1
   414 | D:1      | Reached XP level 2. HP: 19/19 MP: 2/2
   532 | D:1      | Reached XP level 3. HP: 15/23 MP: 3/3
  1659 | D:2      | Reached XP level 4. HP: 26/29 MP: 4/4
  1731 | D:2      | Found Osta's General Store.
  2074 | D:2      | Reached ** piety under Trog
  2629 | D:3      | Reached XP level 5. HP: 16/33 MP: 5/5
  3230 | D:3      | Found a faded altar of an unknown god.
  3230 | D:3      | Noticed an ice devil
  3284 | D:3      | Found a blossoming altar of Fedhas.
  3545 | D:4      | Reached XP level 6. HP: 33/39 MP: 6/6
  3611 | D:4      | Found a hide-covered altar of Uskayaw.
  3611 | D:4      | Noticed a +0 dagger
  3611 | D:4      | Noticed a +0 falchion
  3612 | D:4      | Noticed a +0 spear
  3612 | D:4      | Noticed a +0 short sword
  3613 | D:4      | Noticed a +0 dagger
  3614 | D:4      | Noticed a +0 spear
  3614 | D:4      | Noticed a +0 falchion
  3615 | D:4      | Noticed a +0 short sword
  3888 | D:4      | Reached skill level 1 in Shields
  4139 | D:5      | Entered Level 5 of the Dungeon
  4220 | D:5      | Reached skill level 5 in Fighting
  4220 | D:5      | Reached XP level 7. HP: 44/44 MP: 7/7
  4456 | D:5      | Found a staircase to the Ecumenical Temple.
  4634 | Temple   | Entered the Ecumenical Temple
  4839 | D:5      | Reached skill level 5 in Maces & Flails
  4839 | D:5      | Reached skill level 5 in Armour
  4839 | D:5      | Reached XP level 8. HP: 42/50 MP: 8/8
  5138 | D:6      | Identified the +10 halberd of the Final Decision {pain,
                  | Dex+2}
  6630 | D:7      | Reached XP level 9. HP: 40/56 MP: 9/9
  6970 | D:7      | Reached *** piety under Trog
  7122 | D:7      | Killed from afar by an orc priest

Illustrated notes

Levels and vault maps discovered:
D:1:      wander_arrival_chamber, layout_basic, minivault_24,
          chequers_serial_rivers_marsh
D:2:      layout_loops_ring, serial_shops, nicolae_shop_stone, hex_large
D:3:      layout_rooms, fedhas_altar_1, dreamdust_ecumenical_altar_sealed_demon,
          moated_statue
D:4:      layout_cave_pools, nicolae_uskayaw_en_pointe
D:5:      layout_rooms, temple_statues
D:6:      layout_basic, serial_corexii_hall, corexii_hall_statues_l,
          corexii_hall_statues_s, kennysheep_cross_room
D:7:      minmay_chambers_of_fours, layout_basic,
          hangedman_abyss_or_decor_jellyfish_corner
Temple:   compressed_dpeg_circular_temple

Skill      XL: |  1  2  3  4  5  6  7  8 |
---------------+-------------------------+-----
Dodging        | 2 3 4 |  4.9
Armour         | 3 4 5 6 |  6.5
Fighting       | 4 5 6 |  6.9
Maces & Flails | 4 5 6 |  6.3
Shields        | 2 3 4 |  4.0

Action                   |  1- 3 |  4- 6 |  7- 9 || total
-------------------------+-------+-------+-------++-------
Melee: Mace              |   121 |   180 |       ||   301
       Morningstar       |       |    14 |   186 ||   200
Throw: Stone             |       |       |     2 ||     2
Invok: Berserk           |     1 |     1 |     1 ||     3
       Trog's Hand       |       |     3 |     2 ||     5
  Use: Potion            |       |     4 |     1 ||     5
       Scroll            |       |       |     3 ||     3
 Stab: Sleeping          |     1 |       |       ||     1
Armor: Animal skin       |    67 |   103 |       ||   170
       Ring mail         |       |    30 |    92 ||   122
Dodge: Dodged            |    94 |   138 |   131 ||   363
Block: Buckler           |       |    21 |    42 ||    63
